 Dungeon Crawl Stone Soup version 0.29.0 (webtiles) character file.

Game seed: 3619047877782183007

2 LittleLionBear the Ducker (level 1, 0/16 HPs)
             Began as a Merfolk Gladiator on Sept 3, 2022.
             Slain by a quokka (2 damage)
             ... on level 1 of the Dungeon.
             The game lasted 00:00:59 (36 turns).

LittleLionBear the Ducker (Merfolk Gladiator)         Turns: 36, Time: 00:01:00

Health: 0/16       AC:  4    Str: 14    XL:     1   Next: 30%
Magic:  1/1        EV: 13    Int:  7    God:
Gold:   0          SH:  0    Dex: 15    Spells: 0/0 levels left

rFire   . . .      SeeInvis .   a - +0 trident
rCold   . . .      Faith    .   (no shield)
rNeg    . . .      Spirit   .   b - +0 leather armour
rPois   .          Reflect  .   c - +0 helmet
rElec   .          Harm     .   (no cloak)
rCorr   .          Rampage  .   (no gloves)
Will    .....                   (no boots)
Stlth   +.........              (no amulet)
HPRegen 0.05/turn               (no ring)
MPRegen 0.07/turn               (no ring)

@: no status effects
A: (nimble swimmer 2), mertail
a: no special abilities


You were on level 1 of the Dungeon.
You visited 1 branch of the dungeon, and saw 1 of its levels.

Inventory:

Hand Weapons
 a - a +0 trident (weapon)
Missiles
 d - 3 throwing nets (quivered)
 e - a javelin
Armour
 b - a +0 leather armour (worn)
 c - a +0 helmet (worn)


   Skills:
 + Level 2.2 Fighting
 + Level 4.0 Polearms
 + Level 2.0 Throwing
 + Level 4.0 Dodging


You couldn't memorise any spells.
You didn't know any spells.
Your spell library was empty.

Dungeon Overview and Level Annotations

Branches:
Dungeon (1/15)

Altars:


Innate Abilities, Weirdness & Mutations

((You are very nimble when in or above water. (Stealth+, EV+, Speed+++)))
Your lower body shifts to a powerful aquatic tail in water.


Message History

You barely miss the hobgoblin. The hobgoblin closely misses you.
You closely miss the hobgoblin. The hobgoblin closely misses you.
The hobgoblin hits you. The hobgoblin closely misses you.
You hit the hobgoblin.
The hobgoblin is moderately wounded.
The hobgoblin hits you but does no damage. x2
The hobgoblin completely misses you.
You hit the hobgoblin but do no damage. The hobgoblin misses you. x2
The hobgoblin barely misses you.
You barely miss the hobgoblin.
The hobgoblin is moderately wounded.
The hobgoblin closely misses you. The hobgoblin hits you.
The hobgoblin closely misses you. The hobgoblin hits you.
The hobgoblin closely misses you. The hobgoblin barely misses you.
You hit the hobgoblin.
The hobgoblin is almost dead.
The hobgoblin completely misses you. The hobgoblin hits you.
* * * LOW HITPOINT WARNING * * *
The hobgoblin closely misses you.
You hit the hobgoblin.
You kill the hobgoblin!
The hobgoblin hits you but does no damage.
The hobgoblin completely misses you.
A quokka comes into view.
The hobgoblin hits you.
* * * LOW HITPOINT WARNING * * *
The hobgoblin misses you. The hobgoblin attacks as you move away!
The hobgoblin misses you.
The hobgoblin hits you but does no damage.
The quokka closely misses you.
You miss the quokka. The quokka barely misses you. The hobgoblin misses you.
The hobgoblin hits you but does no damage.
You closely miss the quokka.
The quokka bites you but does no damage.
The hobgoblin misses you. The hobgoblin closely misses you.
The quokka closely misses you.
You hit the quokka but do no damage. The hobgoblin misses you.
The hobgoblin barely misses you. The quokka misses you.
You closely miss the quokka. The quokka bites you.
You die...

.. .. ...# ##
##.## #.#... ...
.....##.#..##.#
..............
#..........#
#..........#
#.......r..# .
#......@...+ .#
#.....gg...# ..#
#..........###..#
#.#..............
# #.....)........
.....##'''''##..
#...###.......###
#..##.(.........#
... #...........#


You could see a quokka and 2 hobgoblins.

Vanquished Creatures
  A hobgoblin (D:1)
  A goblin (D:1)
2 creatures vanquished.

Notes
Turn   | Place    | Note
-------+----------+-------------------------------------------
     0 | D:1      | LittleLionBear the Merfolk Gladiator began the quest for
                  | the Orb.
     0 | D:1      | Reached XP level 1. HP: 16/16 MP: 1/1
    36 | D:1      | Slain by a quokka

Illustrated notes

Levels and vault maps discovered:
D:1:      lordsloth_arrival_two_stooges, layout_basic, chequers_garden,
          serial_bayou_pond_d

Action                   || total
-------------------------++-------
Melee: Trident           ||    16
Armor: Leather armour    ||     7
Dodge: Dodged            ||    27
